Cogmind - Beta 15 @@@ ROGUE MODE // 2025.06.07 @ 11:41:15 Player: Zaros426 Result: Destroyed by Autobeam Turret with Autobeam Performance ------------- Evolutions (0) 0 Regions Visited (3) 600 Robots Destroyed (63) 315 Value Destroyed (1420) 1420 Prototype IDs (11) 220 Alien Tech Used (0) 0 Bonus (0) 0 TOTAL SCORE: 2555 Bonus ------- None Cogmind --------- Core Integrity 0/250 Matter 240/300 Energy 196/200 System Corruption 0% Temperature Cool (14) Movement Treading (240) Ox1 Location -10/Subcaves Parts ------- > --- POWER (1) -------- Subdweller Power Source > --- PROPULSION (2) --- Light Treads Light Treads > --- UTILITY (2) ------ Large Storage Unit Structural Scanner > --- WEAPON (2) ------- Subdweller Shrapnel Launcher Subdweller Shrapnel Launcher > --- INVENTORY (15) --- Light Treads Light Treads Arachnoskeleton Subdweller Monowheel Humpback Large Battery (200) High-capacity Matter Pod (200) Seismic Detector Subdweller Beam Cannon Subdweller Beam Cannon Datajack Multitool Peak State ------------ > --- POWER ------------ Subdweller Power Source > --- PROPULSION ------- Light Treads Light Treads > --- UTILITY ---------- Large Storage Unit Light Armor Plating > --- WEAPON ----------- Subdweller Beam Cannon Subdweller Machine Gun > --- INVENTORY -------- Arachnoskeleton Subdweller Monowheel Humpback Large Battery High-capacity Matter Pod Structural Scanner Seismic Detector Beam Cannon Grenade Launcher Datajack Mining Laser Multitool [Rating: 13] Favorites ----------- Power Subdweller Power Source Engine Subdweller Power Source Propulsion Light Treads Treads Light Treads Utility Large Storage Unit Device Structural Scanner Storage Large Storage Unit Protection Light Armor Plating Weapon Beam Cannon Energy Gun Medium Laser Energy Cannon Beam Cannon Ballistic Gun Subdweller Machine Gun Launcher Grenade Launcher Special Weapon Mining Laser Build | -11 -10 -10 -10 ------- Run | Yrd Mat Min Sub Slots Evolved . | . . . . Power . | . . . . Propulsion . | . . . . Utility . | . . . . Weapon . | . . . . Parts Attached 31 | 7 10 1 13 Power 3 | 1 1 . 1 Engine 3 | 1 1 . 1 Core . | . . . . Reactor . | . . . . Propulsion 5 | 2 1 . 2 Treads 5 | 2 1 . 2 Leg . | . . . . Wheel . | . . . . Hover . | . . . . Flight . | . . . . Utility 6 | 2 2 . 2 Device 2 | 1 . . 1 Storage 2 | 1 1 . . Processor . | . . . . Hackware . | . . . . Protection 2 | . 1 . 1 Artifact . | . . . . Weapon 17 | 2 6 1 8 Energy Gun 1 | 1 . . . Energy Cannon 6 | . 4 . 2 Ballistic Gun 5 | 1 . 1 3 Ballistic Cannon . | . . . . Launcher 4 | . 2 . 2 Special Weapon 1 | . . . 1 Impact Weapon . | . . . . Slashing Weapon . | . . . . Piercing Weapon . | . . . . Special Melee Weapon . | . . . . Unidentified Prototypes . | . . . . Parts Lost 2 | . 1 . 1 Power . | . . . . Propulsion . | . . . . Utility . | . . . . Weapon 2 | . 1 . 1 Highest Loss Streak 1 | . 1 . 1 To Critical Strikes . | . . . . Average Backups 11 | 1 10 14 12 Power . | . . . . Propulsion 2 | . 1 2 3 Utility 4 | . 3 5 4 Weapon 3 | . 4 5 2 Tool/Special . | . . . . Unused Backups 17 | . 2 1 14 Power . | . . . . Propulsion 4 | . . . 4 Utility 8 | . 1 1 6 Weapon 3 | . 1 . 2 Tool/Special 2 | . . . 2 Average Slot Usage (%) 99 | . 99 100 99 Engine 13 | . 14 14 13 Treads 28 | . 28 28 28 Device 5 | . 1 . 8 Storage 14 | . 14 14 14 Protection 8 | . 12 14 5 Energy Cannon 17 | . 19 18 15 Ballistic Gun 5 | . 2 9 5 Launcher 3 | . 3 . 5 Peak Build Rating 13 | 7 8 11 13 Average Rating 10 | 5 7 10 12 On Entrance 6 | . 7 8 11 Naked Turns . | . . . . Heaviest Build 42 | 15 34 34 42 Greatest Support 40 | 40 40 40 40 Greatest Overweight (x) 1 | . . . 1 Average Overweight (x) . | . . . . Largest Inventory Capacity 15 | 8 15 15 15 Average Capacity 14 | 7 12 15 15 Most Carried 15 | 3 15 15 15 Average Carried 13 | 1 10 14 14 Final Capacity 15 | 8 15 15 15 Final Carried 15 | 3 15 15 15 Class Distribution -------------------- 90% | Mutant 9% | Scavenger-Mutant Dominant Class ---------------- Mutant | -10/Materials Mutant | -10/Mines Mutant | -10/Subcaves Resources | -11 -10 -10 -10 ----------- Run | Yrd Mat Min Sub Matter Collected 1501 | 300 554 110 537 Remotely . | . . . . Salvage Created 2023 | 105 970 346 602 Parts 131 | 7 61 25 38 Haulers Intercepted 2 | . 2 . . Recyclers Shooed 3 | . 3 . . Parts Field Recycled . | . . . . Retrieved Matter . | . . . . Parts Self-Destructed 9 | . . . 9 Prevented . | . . . . Kills | -11 -10 -10 -10 ------- Run | Yrd Mat Min Sub Combat Hostiles Destroyed 35 | . 14 4 17 Guns 3 | . 1 2 . Cannons 15 | . 5 2 8 AOE 16 | . 7 . 9 Classes Destroyed 11 | 2 7 . 2 Worker 9 | . 4 5 . Builder 3 | . 3 . . Tunneler 4 | 1 1 2 . Hauler 2 | . 2 . . Recycler 6 | 1 4 1 . Operator 1 | . 1 . . Watcher 3 | . 3 . . Swarmer 5 | . 3 . 2 Grunt 16 | . 11 4 1 Sentry 1 | . . . 1 Subdweller 13 | . . . 13 Best Kill Streak 7 | 2 7 3 3 Combat Bots Only 5 | . 5 2 3 Max Kills in Single Turn 3 | 1 3 1 2 Gunslinging . | . . . . Exploded 2 | . 2 . 2 Melee . | . . . . Uniques/NPCs Destroyed . | . . . . Combat | -11 -10 -10 -10 -------- Run | Yrd Mat Min Sub Hostile Shots Fired 110 | . 37 13 60 Missed 32 | . 8 4 20 Hits 78 | . 29 9 40 Projectile 78 | . 29 9 40 Critical Strikes 2 | . . . 2 Damage Taken 1354 | . 431 134 789 Core 254 | . 93 14 147 Absorbed by Shields . | . . . . Core Remaining (%) 100 | 100 . . . Volleys Fired 168 | 11 59 22 76 Largest 2 | 2 2 2 2 Hottest 160 | 70 120 120 160 Shots Fired 307 | 22 116 44 125 Gun 79 | 22 20 16 21 Cannon 184 | . 80 28 76 Launcher 38 | . 16 . 22 Special 6 | . . . 6 Kinetic 63 | 11 12 16 24 Thermal 209 | 11 88 28 82 Explosive 35 | . 16 . 19 Electromagnetic . | . . . . Robot Hit Streak 13 | 4 9 11 13 Robot Miss Streak 7 | 1 7 3 4 Penetration Max . | . . . . Secondary Targets . | . . . . Shots Hit Robots 180 | 14 61 31 74 Core Hits 91 | 3 41 16 31 Critical Kills 1 | . 1 . . Critical Parts Destroyed . | . . . . Critical Strikes 1 | . 1 . . Meltdown 1 | . 1 . . Melee Attacks . | . . . . Impact . | . . . . Slashing . | . . . . Piercing . | . . . . Sneak Attacks . | . . . . Combat Hostiles . | . . . . Follow-up Attacks . | . . . . Damage Inflicted 4772 | 166 1573 594 2439 Guns 961 | 166 165 227 403 Cannons 2172 | . 748 367 1057 Explosions 1639 | . 660 . 979 Melee . | . . . . Ramming . | . . . . Kinetic 859 | 67 89 227 476 Thermal 2347 | 99 824 367 1057 Explosive 1566 | . 660 . 906 Electromagnetic . | . . . . Impact . | . . . . Slashing . | . . . . Piercing . | . . . . Highest Corruption . | . . . . Average Corruption . | . . . . Corruption Purged . | . . . . Corruption Blocked . | . . . . Overload Shots . | . . . . Overflow Damage 33 | . 33 . . Projectiles 13 | . 13 . . Explosions 20 | . 20 . . Melee . | . . . . Knockbacks . | . . . . Impact . | . . . . Kinetic . | . . . . Secondary . | . . . . Self-Inflicted Damage 62 | . 60 . 2 Shots 3 | . 2 . 1 Rammed . | . . . . Targets Rammed . | . . . . Kicked . | . . . . Crushed . | . . . . Highest Temperature 325 | 72 325 265 292 Average Temperature 85 | 31 98 76 63 Received Heat Transfer 703 | . 156 75 472 Effects 2 | . 1 1 . Energy Bleed 2 | . 1 1 . Siege Activations . | . . . . Martial Activations . | . . . . Shielding Activations . | . . . . Robots Disrupted . | . . . . Combat Hostiles . | . . . . Robots Corrupted . | . . . . Combat Hostiles . | . . . . Parts Fried . | . . . . Impact Corruptions . | . . . . Robots Melted 1 | . 1 . . Combat Hostiles 1 | . 1 . . Parts Melted 5 | . 3 1 1 Heat Transferred 4366 | 296 1813 777 1480 Parts Sabotaged . | . . . . Parts Stolen . | . . . . Parts Stripped . | . . . . Power Chain Reactions . | . . . . Alert | -11 -10 -10 -10 ------- Run | Yrd Mat Min Sub Maximum Alert Level . | . . . . Low Security (%) 100 | 100 100 100 . Level 1 . | . . . . Level 2 . | . . . . Level 3 . | . . . . Level 4 . | . . . . Level 5 . | . . . . High Security . | . . . . Max Security . | . . . . Peak Influence 182 | 5 182 50 . Initial 43 | . . 43 . Average 42 | . 74 7 . Influence Increases 965 | 10 665 140 150 Destroy 0b10 Robot/C 440 | . 280 80 80 Destroy 0b10 Robot/NC 140 | 10 90 40 . Destroy Leader 120 | . 90 20 10 Successful Hack 9 | . 9 . . Select Force Hacks 60 | . 60 . . Disable Machine 60 | . 60 . . Destroy Structure 61 | . 61 . . Lose Combat Pursuer 75 | . 15 . 60 Influence Decreases 894 | 10 553 252 79 Entered New Map 69 | . . 69 . Time Decay 768 | 10 506 183 69 Lost Part 20 | . 10 . 10 Purge Threat 37 | . 37 . . Squads Dispatched 5 | . 5 . . Investigation 3 | . 3 . . Extermination . | . . . . Reinforcement 2 | . 2 . . Assault . | . . . . Garrison . | . . . . Intercept . | . . . . Searches Triggered . | . . . . Construction Impeded . | . . . . Haulers Reinforced . | . . . . Active Scanning Responses . | . . . . Cargo Convoy Interrupts . | . . . . Stealth | -11 -10 -10 -10 --------- Run | Yrd Mat Min Sub Distress Signals 1 | . 1 . . Communications Jammed . | . . . . Distress Signals . | . . . . Times Spotted 43 | . 22 4 17 Peak Tracking Total 3 | . 3 2 2 Tactical Retreats 4 | . 1 . 3 Traps | -11 -10 -10 -10 ------- Run | Yrd Mat Min Sub Traps Triggered 2 | . 2 . . Indirectly . | . . . . Trap Hack Attempts . | . . . . Triggered . | . . . . Disarmed . | . . . . Reprogrammed . | . . . . Reused . | . . . . Traps Extracted . | . . . . Installed . | . . . . Triggered . | . . . . Most Traps Carried 1 | . . . 1 Machines | -11 -10 -10 -10 ---------- Run | Yrd Mat Min Sub Machines Disabled 7 | . 4 . 3 Max in Single Turn 1 | . 1 . 1 Machines Repaired . | . . . . Machines Dismantled . | . . . . Machines Sabotaged . | . . . . Overloaded Fab Kills . | . . . . Hacking | -11 -10 -10 -10 --------- Run | Yrd Mat Min Sub Machines Accessed 10 | . 8 . 2 Terminals 6 | . 6 . . Fabricators . | . . . . Repair Stations . | . . . . Recycling Units 2 | . 2 . . Scanalyzers . | . . . . Garrison Access . | . . . . Total Hacks 17 | . 15 . 2 Successful 11 | . 9 . 2 Failed 6 | . 6 . . Catastrophic 1 | . 1 . . Database Lockouts . | . . . . Manual 11 | . 11 . . Terminals 13 | . 13 . . Fabricators . | . . . . Repair Stations . | . . . . Recycling Units 2 | . 2 . . Scanalyzers . | . . . . Garrison Access . | . . . . Terminal Hacks 5 | . 3 . 2 Robot Analysis 1 | . 1 . . Open Door 1 | . . . 1 Unreport Threat 1 | . 1 . . Locate Traps 1 | . 1 . . Proto ID Catalog 1 | . . . 1 Fabricator Hacks . | . . . . Repair Station Hacks . | . . . . Recycling Unit Hacks . | . . . . Scanalyzer . | . . . . Garrison Access Hacks . | . . . . Unauthorized Hacks 6 | . 6 . . Terminals 4 | . 4 . . Botnet 1 | . 1 . . Disrupt 1 | . 1 . . Skim 2 | . 2 . . Fabricators . | . . . . Repair Stations . | . . . . Recycling Units 2 | . 2 . . Tunnel 2 | . 2 . . Scanalyzers . | . . . . Garrison Access . | . . . . Data Cores Recovered . | . . . . Used . | . . . . Hacking Detections 6 | . 6 . . Full Trace Events . | . . . . Feedback Events . | . . . . Feedback Blocked . | . . . . Robot Schematics Acquired . | . . . . Robots Built . | . . . . Authchips . | . . . . Time . | . . . . Total Robot Build Rating . | . . . . Part Schematics Acquired . | . . . . Parts Built . | . . . . Authchips . | . . . . Time . | . . . . Total Part Build Rating . | . . . . Parts Repaired . | . . . . Time . | . . . . Parts Recycled . | . . . . Recycled Matter . | . . . . Retrieved Matter . | . . . . Retrieved Components . | . . . . Parts Scanalyzed . | . . . . Part Schematics Acquired . | . . . . Parts Damaged . | . . . . Bothacking | -11 -10 -10 -10 ------------ Run | Yrd Mat Min Sub Used RIF Installer . | . . . . Robots Hacked . | . . . . Non-combat . | . . . . Combat . | . . . . Robot Hacks Applied . | . . . . Relay Couplers Released . | . . . . Fabnet Peak Effective % . | . . . . Robots Rewired . | . . . . Allies Hacked . | . . . . Hacks Repelled . | . . . . Allies | -11 -10 -10 -10 -------- Run | Yrd Mat Min Sub Total Allies . | . . . . Largest Group . | . . . . Highest-Rated Group . | . . . . Highest-Rated Ally . | . . . . Total Orders . | . . . . Ally Attacks . | . . . . Total Damage . | . . . . Kills . | . . . . Allies Corrupted . | . . . . Allies Melted . | . . . . Intel | -11 -10 -10 -10 ------- Run | Yrd Mat Min Sub Active Infowar (turns) 2489 | 28 127 . 2334 Structural 2334 | . . . 2334 Seismic 155 | 28 127 . . Robot Analysis Total 1 | . 1 . . Derelict Logs Recovered 3 | . . 2 1 Drone Launches . | . . . . Drone Recoveries . | . . . . Exploration | -11 -10 -10 -10 ------------- Run | Yrd Mat Min Sub Turns Passed 6799 | 114 1632 1333 3720 Spaces Moved 3708 | 45 855 780 2028 Core 3 | 3 . . . Treads 3705 | 42 855 780 2028 Legs . | . . . . Wheels . | . . . . Hover . | . . . . Flight . | . . . . Fastest Speed 50 | 50 160 160 160 Average Speed 161 | 152 160 160 163 Slowest Speed 240 | 160 160 160 240 Overloaded Moves . | . . . . Propulsion Burnouts . | . . . . Robots Hopped . | . . . . Potential Cave-ins . | . . . . Cave-ins Triggered . | . . . . Exploration Rate (%) 72 | 6 97 101 86 Regions Visited 3 Branch Regions 2 Pre-discovered Areas 4 | . 2 1 1 Known Exits Taken . | . . . . Unknown Exits Taken 3 | 1 1 1 . Scrap Searched 8 | . . 3 5 Spaces Dug 45 | . 5 . 40 Terrain Destroyed 216 | . 63 . 153 Melee . | . . . . Projectile 12 | . . . 12 AOE 204 | . 63 . 141 Terrain Rammed . | . . . . Walls Destroyed . | . . . . Machines Disabled . | . . . . Actions | -11 -10 -10 -10 --------- Run | Yrd Mat Min Sub Total 4179 | 65 1003 822 2289 Wait 176 | . 45 12 119 Move 3705 | 44 854 779 2028 Hop . | . . . . Pick Up 41 | 3 19 3 16 Fast Attach 9 | 7 . . 2 Attach 3 | . 1 . 2 Detach . | . . . . Swap 45 | . 15 3 27 Drop 32 | . 10 3 19 Fire 168 | 11 59 22 76 Melee . | . . . . Ram . | . . . . Kick . | . . . . Crush . | . . . . Escape Stasis . | . . . . Rewire . | . . . . Trap . | . . . . Miscellaneous . | . . . . Route ------- -11/Scrapyard -10/Materials (discovered 6 exits: [*Mat x3] / [*Min x2] / *Sub) -10/Mines (discovered 3 exits: [*Mat x2] / *Sub) -10/Subcaves (discovered 3 exits: [*Mat x2] / [*Scr]) History --------- Turn | Location | Event 64 | -11/Scrapyard | Discovered new exit (range 14) 115 | -11/Scrapyard | Entered Materials 311 | -10/Materials | Build established: Mutant 474 | -10/Materials | Discovered new exit (range 9) 849 | -10/Materials | Discovered new exit (range 15) 973 | -10/Materials | Discovered new exit (range 11) 1145 | -10/Materials | Discovered new exit (range 12) 1429 | -10/Materials | Discovered new exit (range 4) 1616 | -10/Materials | Discovered new exit (range 7) 1747 | -10/Materials | Entered Mines 1747 | -10/Mines | Discovered new exit (range 10) 1827 | -10/Mines | Learned Materials emergency access door positions 2094 | -10/Mines | A weapon hastily lodged in a ceiling crevice suddenly fell to the ground 2410 | -10/Mines | Discovered new exit (range 6) 3072 | -10/Mines | Discovered new exit (range 5) 3080 | -10/Mines | Entered Subcaves 3081 | -10/Subcaves | Approached by a straggling Scientist 3082 | -10/Subcaves | Shifting Twisted Machinery released Sub. Beam Cannon 3106 | -10/Subcaves | Discovered new exit (range 9) 3117 | -10/Subcaves | Shifting Twisted Machinery released Mak. Light Armor Plating 3286 | -10/Subcaves | Core integrity fell below 50% 3806 | -10/Subcaves | Scientist uncovered a shortcut to Scraptown 3920 | -10/Subcaves | Learned Materials stockpile data 3977 | -10/Subcaves | Visited 4L-MR0's lab 3993 | -10/Subcaves | Found Arachnoskeleton 4284 | -10/Subcaves | Build established: Scavenger-Mutant 4658 | -10/Subcaves | Build established: Mutant 4662 | -10/Subcaves | A swath of the cavern ceiling suddenly collapsed 4861 | -10/Subcaves | Learned location of Zion (-7) 4861 | -10/Subcaves | Met a Zionite searching for "candidates" 4999 | -10/Subcaves | A swath of the cavern ceiling suddenly collapsed 5750 | -10/Subcaves | Core integrity fell below 20% 6228 | -10/Subcaves | Discovered new exit (range 9) 6683 | -10/Subcaves | Shifting Twisted Machinery released Sub. Power Source 6685 | -10/Subcaves | Shifting Twisted Machinery released Sub. Monowheel 6800 | -10/Subcaves | Destroyed by Autobeam Turret with Autobeam Last Messages --------------- 06347_ Found 65 Matter. 06356_ Subatomizers dissect the Sub. Machine Gun. 06356_ Dropped Sub. Machine Gun. 06357_ Acquired Sub. Beam Cannon. 06368_ Subatomizers dissect the Sub. Machine Gun. 06382_ Subatomizers dissect the Sub. Machine Gun, destroying it. 06423_ G-47 Trooper destroyed. 06437_ Acquired 20 matter. 06534_ Grenade Launcher destroyed. 06542_ R6-M70(R) destroyed. 06554_ Acquired 15 matter. 06607_ Destroyed Scrap Shield. 06607_ 3T-SEU(R) destroyed. 06615_ Acquired Sub. Shrapnel Launcher. 06626_ IF-7ZZ(R) destroyed. Sub. Power Source falls loose from the Twisted Machinery. Sub. Monowheel falls loose from the Twisted Machinery. 06700_ Dropped Shrapnel Trap. 06700_ Acquired Sub. Shrapnel Launcher. 06703_ Acquired 20 matter. Map ----- +----------------------------------------------------+ | ##????####???## ###??????????????"" ####????#### | | ???#######?## #####???????????? ##?????### | | ????### ####### ######???##"""" ###??????# | | ###### ###### ###???######### ####?????# | | ######## #### % ####?##""" "# "###?????# | | # ###### ## % ## ########" # "######## | | ### %/ ## #####" # ######## | | ## #### ##???? #### | | ## [%| ######## ##?????? !%% ## | | ### ! ######### ## ###??????? %"# | | ### % #######?### ## ### #"?????## #"" | | ## & ########## ## # ; ??? ### ##"" ### | | ### "### ##### ## ; = ### %"""""##### | | """" #### ;### %"""""#### | | """### #### # ; &"""""?### | | "" ##### &! ## #### ## ##""""?#### | | ######""%* # ##### ######"""""## | | ####### [=# ##### ######" "" | | ##### &""%## # ## #; # ?" # ?"" | | ??## # "&"# % ### """ "" ###???# | | ##### # [ "*# # = " """"###???# | | ##### %&! ## # "*""##""## #?#### | | ## ## ## ## """" ##### ?##### | | ## # # ##### ##""######"" ## | | #### ## ##### #######??#"" | | ##### #### @ ######???##" | | # [ #### ### ##??????### # ## | | ## ########## ## #####???????###?#### | | # ! ###################???????????####% | | &! ##????#########????????????????## | | "# " # ##?????????????????????????????### | | ## # ## ##?????????????????????????????### | | #### # ###????????????????????????????### | | ### ## ##????????????????????????????## | | ?## ##& # #####??????????????????????????## | | ?## ### ## ####??????????????????????????### | | ?## ### ## ##??????????????????????????### | | ?## ### ###???????????????????????????## | | ?###### ##????????????????????????????## | | ?##### ###????????????????????????????## | | ???### ## < ###????????????????????????????### | | ???### ## ###########??######?????????????### | | ???## # #####################?????####????? | | ???### # ### ### ###### ##############???? | | ???### ### ### #### ######## ###???? | | ???### #### ### #### ## ##???? | | ###### #### ##### ## ###???? | | ##### ### ##### ##????? | | # ## # #### ##????? | | ## ## ## ## #?#### | +----------------------------------------------------+ Best States ------------- Heat Dissipation 25 Energy Generation 10 Energy Capacity 250 Matter Stores 300 Matter Capacity 300 Sight Range 16 Terrain Scan Density 10 Armor Coverage 150 Evasion (%) 40 Recoil Reduction 2 Item Schematics ----------------- None Robot Schematics ------------------ None Fabricated ------------ Nothing Repaired ---------- Nothing Alien Tech Used ----------------- None Achievements -------------- None Challenges ------------ None Game ------ Seed ContainmentTrackerCorpse Manual? 0 Play Time 00:35:16 Cumulative 281.8 hours Start 2025.06.07 @ 11:08:36 End 2025.06.07 @ 11:41:15 Sessions 1 Manual Loads 0 Difficulty Rogue Special Mode None Game No. 141 Rogue 141 Adventurer 0 Explorer 0 Win Type - Total 1 Types 0/0/0/0/1/0/0/0/0/0 Lore% 71 Gallery% 74 Achievement% 64 Wizard Run 0 Options --------- Layout 0 ASCII 0 Keyboard 0 Movement Mouse Keybinds 0 Fullscreen 1 Font 24/Smallcaps Map View 183x50 Zoom Use 0% Tactical HUD 1 Map Filters NONE Filters NONE Steam 0 RUN: 46a13f2f-ff64-499c-8cb5-2f6fdf893d62